 Dungeon Crawl Stone Soup version 0.32-a0-814-g0968bab981 (webtiles) character file.

Game seed: 5657375324527236399

50 wilfster70 the Magician (level 3, -2/19 HPs)
             Began as a Deep Elf Earth Elementalist on Mar 22, 2024.
             Slain by a black bear (3 damage)
             ... on level 3 of the Dungeon.
             The game lasted 00:04:44 (1633 turns).

wilfster70 the Magician (DEEE)                      Turns: 1633, Time: 00:04:45

Health: -2/19      AC:  3    Str:  5    XL:     3   Next: 55%
Magic:  10/11      EV: 11    Int: 21    God:
Gold:   11         SH:  0    Dex: 15    Spells: 7/11 levels left

rFire   . . .        c - staff of cold
rCold   + . .        (no shield)
rNeg    . . .        a - +0 robe
rPois   .            (no helmet)
rElec   .            f - +0 cloak
rCorr   .            (no gloves)
SInv    .            (no boots)
Will    .....        (no amulet)
Stlth   ++           (no ring)
HPRegen 0.23/turn    (no ring)
MPRegen 0.12/turn

%: no passive effects
@: no status effects
A: no striking features
a: no special abilities


You were on level 3 of the Dungeon.
You visited 1 branch of the dungeon, and saw 3 of its levels.

You collected 56 gold pieces.
You spent 45 gold pieces at shops.

Inventory:

Armour
 a - a +0 robe (worn)
 f - a +0 cloak (worn)
Magical Staves
 c - a staff of cold (weapon)
Scrolls
 d - 2 scrolls of identify {unknown}
 g - a scroll of vulnerability {unknown}
 h - a scroll of poison {unknown}
 j - a scroll of enchant armour {unknown}
Potions
 b - a potion of magic
 e - 2 potions of heal wounds {unknown}
 i - a potion of cancellation {unknown}


   Skills:
 - Level 2.4 Dodging
 - Level 2.4 Stealth
 * Level 4.8 Spellcasting
 - Level 1.1 Conjurations
 + Level 4.0 Earth Magic


You had 7 spell levels left.
You knew the following spells:

 Your Spells              Type           Power      Damage    Failure   Level
a - Sandblast             Erth           42%        2d11      2%          1
b - Stone Arrow           Conj/Erth      30%        3d8       12%         3

Your spell library contained the following spells:

 Spells                   Type           Power      Damage    Failure   Level
 Passwall                 Erth           21%        N/A       6%          3
 Summon Small Mammal      Summ           20%        N/A       11%         1
 Call Canine Familiar     Summ           5%         N/A       32%         3
 Brom's Barrelling Bould  Conj/Erth      15%        2d4       36%         4
 Petrify                  Alch/Erth      13%        N/A       43%         4
 Summon Blazeheart Golem  Fire/Summ      5%         N/A       73%         4


Dungeon Overview and Level Annotations

Branches:
Dungeon (3/15)

Altars:

Shops:
D:2 [


Message History

The blast of sand hits the orc!
You kill the orc!
The orc barely misses you. The orc hits you with a +0 whip.
The orc hits you from afar with a +0 trident.
The orc hits you with a +0 whip.
* * * LOW HITPOINT WARNING * * *
You climb upwards.
There is a stone staircase leading down here.
Casting: Sandblast (safe; 2% risk of failure)
Confirm with . or Enter, or press ? or * to list all spells.
Aiming: Sandblast (safe; 2% risk of failure)
Press: ? - help, Shift-Dir - straight line, f - orc
Aim: an orc, wielding a +0 whip (83% to hit)
The blast of sand hits the orc!
You kill the orc!
Your Earth Magic skill increases to level 4!
You start resting.
Magic restored.
You start resting.
HP restored.
Unknown command.
You climb downwards.
The orc hits you from afar with a +0 trident!
The black bear bites you!
* * * LOW HITPOINT WARNING * * *
The black bear closely misses you. The black bear misses you.
The orc closely misses you. The black bear bites you.
* * * LOW HITPOINT WARNING * * *
The black bear closely misses you.
The black bear claws you but does no damage.
There is a stone staircase leading up, spattered with blood here.
Casting: Sandblast (safe; 2% risk of failure)
Confirm with . or Enter, or press ? or * to list all spells.
Aiming: Sandblast (safe; 2% risk of failure)
Press: ? - help, Shift-Dir - straight line, f - black bear
Aim: a black bear (87% to hit)
The blast of sand hits the black bear!!
The black bear is severely wounded.
The black bear bites you.
You die...

#. .. #. ##
#.####
...###....
.....$.####
#.h..o..#
#@..# #####


You could see a black bear and an orc.

Vanquished Creatures
  2 orcs
  6 endoplasms
  A giant cockroach (D:1)
  4 goblins
  5 hobgoblins
  2 quokkas (D:1)
  6 ball pythons
  3 bats
  5 frilled lizards
  5 kobolds
  3 rats (D:1)
42 creatures vanquished.

Notes
Turn   | Place    | Note
-------+----------+-------------------------------------------
     0 | D:1      | wilfster70 the Deep Elf Earth Elementalist began the quest
                  | for the Orb.
     0 | D:1      | Reached XP level 1. HP: 10/10 MP: 6/6
   212 | D:1      | Reached XP level 2. HP: 14/15 MP: 2/8
   478 | D:1      | Found a faded altar of an unknown god.
   930 | D:2      | Found Kinop's Armour Emporium.
   946 | D:2      | Bought a +0 cloak for 45 gold pieces
   958 | D:2      | Reached XP level 3. HP: 19/19 MP: 8/10
   967 | D:2      | Learned a level 3 spell: Stone Arrow
  1632 | D:3      | Noticed a black bear
  1633 | D:3      | Slain by a black bear

Illustrated notes

Levels and vault maps discovered:
D:1:      ncdulo_wetmaze, layout_loops_corners,
          shapermc_ecumenical_altar_hornbeckon, minmay_misc_feat_diagonals,
          minmay_misc_feat_nine_boxes, minmay_misc_feat_plants
D:2:      layout_loops_cross, serial_shops, nicolae_shop_advertising_works
          [nicolae_subvault_shop_adworks]
D:3:      layout_basic

Skill      XL: |  1  2  3 |
---------------+----------+-----
Spellcasting   | 4 |  4.8
Earth Magic    | 4 |  4.0
Dodging        | |  2.4
Stealth        | |  2.4
Conjurations   | |  1.1

Action                     || total
---------------------------++-------
   Cast: Sandblast         ||    52
 Armour: Robe              ||    21
  Dodge: Dodged            ||    12

Table legend: (Time is in decaauts)
 A = Elapsed time spent in this place.
 B = Non-inter-level travel time spent in this place.
 C = Inter-level travel time spent in this place.
 D = Time resting spent in this place.
 E = Time spent auto-exploring this place.
 F = Levels seen in this place.
 G = Mean time per level.
                   A        B        C        D        E       F      G
               +--------+--------+--------+--------+--------+-----+--------+
         Total |   1672 |   1627 |     45 |    145 |    744 |   3 |  557.3 |
       Dungeon |   1672 |   1627 |     45 |    145 |    744 |   3 |  557.3 |
               +--------+--------+--------+--------+--------+-----+--------+

Top non-repeatable levels by time:
     D:1: 926 daAuts
     D:2: 737 daAuts
     D:3: 7 daAuts
